Kings vs RedWings

Created - April 3 2012 at 18:16

Goals
1 2 3 T
Kings 3 0 0 3
RedWings 0 1 3 4
Shots
1 2 3 T
Kings 8 4 7 19
RedWings 5 7 14 26

Period #1

1. Kings , Joe Corvo 18 (Sergei Samsonov, Sergei Gonchar) at 1:45 (PP)
2. Kings , Sean Bergenheim 21 (Jamie McBain, Bryan Allen) at 12:34
3. Kings , Matt Duchene 30 (Sergei Gonchar, Brian Rolston) at 15:23

Penalties :
Eric Brewer (DET) for Tripping (Minor) at 1:26, Alexandre Burrows (DET) for Holding Stick (Minor) at 1:39, Craig Adams (LOS) for High sticking (Minor) at 4:17, Bryan Allen (LOS) for Interference (Minor) at 17:24

Period #2

4. RedWings , Paul Martin 8 (Travis Zajac, Ryan Whitney) at 1:40

Penalties :
Sean Bergenheim (LOS) for High sticking (Minor) at 2:43, Travis Zajac (DET) for Holding (Minor) at 3:42, Sergei Samsonov (LOS) for Tripping (Minor) at 9:44, Alexandre Burrows (DET) for Hooking (Minor) at 11:12, Eric Brewer (DET) for Tripping (Minor) at 14:22, Eric Brewer (DET) for Hooking (Minor) at 16:59, Brian Boyle (LOS) for Hooking (Minor) at 16:59

Period #3

5. RedWings , Sergei Kostitsyn 29 (Ryan Whitney) at 6:32
6. RedWings , Marty Reasoner 20 (Nik Antropov) at 10:50
7. RedWings , Joe Thornton 26 (Ray Whitney) at 19:18

Penalties :
Antoine Vermette (LOS) for Tripping (Minor) at 7:36

Goalie Stats

Jonathan Quick (LOS), 22 saves from 26 shots - (0.846), L, 22-32-10, 59:38 minutes
Roberto Luongo (DET), 16 saves from 19 shots - (0.842), W, 46-25-8, 60:00 minutes

Players Stats

Kings
Player Name              G  A  P  +/- PIM S  H  SB FO    MP 
------------------------------------------------------------
Antoine Vermette         0  0  0   0  2   3  0  1  10/18 20 
Brian Boyle              0  0  0  -2  2   1  8  0  4/11  17 
Brian Rolston            0  1  1   0  0   0  1  0  2/4   19 
Bryan Allen              0  1  1   0  2   0  3  1  0/0   19 
Chris Thorburn           0  0  0   0  0   0  0  0  4/7   5  
Craig Adams              0  0  0  -1  2   1  1  0  0/0   7  
Evgeny Dadonov           0  0  0  -1  0   0  0  1  0/0   8  
Jack Hillen              0  0  0  -1  0   0  0  2  0/0   18 
Jamie McBain             0  1  1   0  0   0  1  1  0/0   21 
Jarret Stoll             0  0  0   0  0   2  2  1  4/7   21 
Joe Corvo                1  0  1  -1  0   3  0  1  0/0   23 
Jonathon Blum            0  0  0  -1  0   0  0  1  0/0   14 
Matt Duchene             1  0  1   0  0   3  1  0  7/19  18 
Michael Frolik           0  0  0  -1  0   0  0  0  0/0   13 
Sean Bergenheim          1  0  1   0  2   2  2  0  0/1   15 
Sergei Gonchar           0  2  2  -1  0   1  2  0  0/0   22 
Sergei Samsonov          0  1  1   0  2   1  0  0  0/1   14 
Wojtek Wolski            0  0  0  -1  0   2  0  0  0/1   13 
RedWings
Player Name              G  A  P  +/- PIM S  H  SB FO    MP 
------------------------------------------------------------
Alexandre Burrows        0  0  0   1  4   4  4  0  2/3   16 
Brian Campbell           0  0  0  -1  0   0  0  0  0/0   22 
Curtis Glencross         0  0  0   2  0   2  1  0  0/3   22 
Eric Brewer              0  0  0   1  6   0  0  0  0/0   16 
Jamie Langenbrunner      0  0  0  -1  0   0  0  0  0/0   7  
Joe Thornton             1  0  1   1  0   3  1  0  8/18  19 
Keith Yandle             0  0  0  -1  0   0  1  0  0/0   22 
Kris Draper              0  0  0   1  0   3  0  0  0/0   13 
Marty Reasoner           1  0  1   0  0   1  1  0  10/16 14 
Nate Thompson            0  0  0  -1  0   0  2  0  3/8   9  
Niclas Bergfors          0  0  0  -1  0   0  0  0  0/0   6  
Nik Antropov             0  1  1   0  0   4  0  0  0/0   12 
Paul Martin              1  0  1   2  0   1  0  3  0/0   23 
Pavel Kubina             0  0  0   0  0   0  3  0  0/0   15 
Ray Whitney              0  1  1   1  0   2  1  0  1/2   15 
Ryan Whitney             0  2  2   2  0   1  1  1  0/0   21 
Sergei Kostitsyn         1  0  1   2  0   1  0  0  1/1   21 
Travis Zajac             0  1  1   2  2   4  1  0  13/18 19 

3 Stars

1 - Ryan Whitney (DET)
2 - Paul Martin (DET)
3 - Sergei Kostitsyn (DET)

Power Play

Kings - 1 on 5 Attempt(s) - 20.00%
RedWings - 0 on 5 Attempt(s) - 0.00%

Penalty Kill

Kings - 5 on 5 Attempt(s) - 100.00% - Score 0 goal in Penalty Kill
RedWings - 4 on 5 Attempt(s) - 80.00% - Score 0 goal in Penalty Kill

Game Notes

No Game Note

Finance

Level 1 -- Attendance: 6386 (98.25%) -- Ticket Income $510,880.00
Level 2 -- Attendance: 5000 (100.00%) -- Ticket Income $250,000.00
Level 3 -- Attendance: 3477 (99.34%) -- Ticket Income $104,310.00
Level 4 -- Attendance: 2469 (60.72%) -- Ticket Income $49,380.00
Luxury Box -- Attendance: 1000 (100.00%) -- Ticket Income $150,000.00
Game was played at the Joe Louis Arena
Total Attendance: 18332 (91.36%)
Total Ticket Income: $1,170,548.00
Other Income: $222,567.00
Total Income: $1,393,115.00


Play by Play

Period #1

0:01 of 1st period - Matt Duchene wins face-off versus Travis Zajac in neutral zone.
0:59 of 1st period - Icing by Jamie McBain.
1:00 of 1st period - Antoine Vermette wins face-off versus Joe Thornton in Kings zone.
1:00 of 1st period - Antoine Vermette is hit by Joe Thornton.
1:17 of 1st period - Off-side.
1:18 of 1st period - Brian Boyle wins face-off versus Marty Reasoner in neutral zone.
1:26 of 1st period - Minor Penalty to Eric Brewer for Tripping.
1:27 of 1st period - Marty Reasoner wins face-off versus Antoine Vermette in RedWings zone.
1:39 of 1st period - Minor Penalty to Alexandre Burrows for Holding Stick.
1:40 of 1st period - Matt Duchene wins face-off versus Nate Thompson in RedWings zone.
1:41 of 1st period - Shot by Sergei Gonchar.
1:41 of 1st period - Shot Misses the Net.
1:45 of 1st period - Shot by Joe Corvo.
1:45 of 1st period - Goal by Joe Corvo - Kings : 1 - RedWings : 0.
1:46 of 1st period - Matt Duchene wins face-off versus Marty Reasoner in neutral zone.
2:18 of 1st period - Shot by Matt Duchene.
2:18 of 1st period - Shot Misses the Net.
2:20 of 1st period - Shot by Sergei Samsonov.
2:20 of 1st period - Stopped by Roberto Luongo without a rebound.
2:21 of 1st period - Antoine Vermette wins face-off versus Nate Thompson in RedWings zone.
2:57 of 1st period - Icing by Jarret Stoll.
2:58 of 1st period - Marty Reasoner wins face-off versus Antoine Vermette in Kings zone.
3:44 of 1st period - Shot by Joe Corvo.
3:44 of 1st period - Stopped by Roberto Luongo with a rebound.
3:55 of 1st period - Off-side.
3:56 of 1st period - Ray Whitney wins face-off versus Chris Thorburn in neutral zone.
3:56 of 1st period - Ray Whitney is hit by Craig Adams.
4:08 of 1st period - Shot by Craig Adams.
4:08 of 1st period - Stopped by Roberto Luongo with a rebound.
4:10 of 1st period - Shot by Evgeny Dadonov.
4:10 of 1st period - Shot Misses the Net.
4:14 of 1st period - Shot by Evgeny Dadonov.
4:14 of 1st period - Shot Misses the Net.
4:17 of 1st period - Minor Penalty to Craig Adams for High sticking.
4:18 of 1st period - Travis Zajac wins face-off versus Matt Duchene in Kings zone.
5:16 of 1st period - Shot by Joe Thornton.
5:16 of 1st period - Shot Misses the Net.
6:23 of 1st period - Shot by Nik Antropov.
6:23 of 1st period - Shot Misses the Net.
7:21 of 1st period - Icing by Pavel Kubina.
7:22 of 1st period - Marty Reasoner wins face-off versus Chris Thorburn in RedWings zone.
7:59 of 1st period - Off-side.
8:00 of 1st period - Travis Zajac wins face-off versus Sean Bergenheim in neutral zone.
8:15 of 1st period - Paul Martin is hit by Sean Bergenheim and loses puck.
8:25 of 1st period - Jarret Stoll is hit by Ryan Whitney and loses puck.
10:33 of 1st period - Travis Zajac is hit by Brian Boyle.
11:11 of 1st period - Shot by Antoine Vermette.
11:11 of 1st period - Stopped by Roberto Luongo without a rebound.
11:12 of 1st period - Matt Duchene wins face-off versus Nate Thompson in RedWings zone.
12:08 of 1st period - Marty Reasoner is hit by Bryan Allen and loses puck.
12:21 of 1st period - Eric Brewer is hit by Bryan Allen and loses puck.
12:34 of 1st period - Shot by Sean Bergenheim.
12:34 of 1st period - Goal by Sean Bergenheim - Kings : 2 - RedWings : 0.
12:35 of 1st period - Travis Zajac wins face-off versus Chris Thorburn in neutral zone.
12:46 of 1st period - Shot by Travis Zajac.
12:46 of 1st period - Stopped by Jonathan Quick with a rebound.
12:50 of 1st period - Shot by Travis Zajac.
12:50 of 1st period - Shot Misses the Net.
13:36 of 1st period - Icing by Brian Campbell.
13:37 of 1st period - Joe Thornton wins face-off versus Wojtek Wolski in RedWings zone.
13:37 of 1st period - Keith Yandle is hit by Brian Boyle.
13:57 of 1st period - Jack Hillen is hit by Keith Yandle and loses puck.
14:06 of 1st period - Alexandre Burrows is hit by Brian Boyle and loses puck.
14:47 of 1st period - Shot by Kris Draper.
14:47 of 1st period - Stopped by Jonathan Quick without a rebound.
14:48 of 1st period - Travis Zajac wins face-off versus Antoine Vermette in Kings zone.
15:15 of 1st period - Shot by Sean Bergenheim.
15:15 of 1st period - Stopped by Roberto Luongo without a rebound.
15:16 of 1st period - Brian Rolston wins face-off versus Nate Thompson in RedWings zone.
15:23 of 1st period - Shot by Matt Duchene.
15:23 of 1st period - Goal by Matt Duchene - Kings : 3 - RedWings : 0.
15:24 of 1st period - Chris Thorburn wins face-off versus Marty Reasoner in neutral zone.
15:38 of 1st period - Icing by Nik Antropov.
15:39 of 1st period - Marty Reasoner wins face-off versus Matt Duchene in RedWings zone.
16:17 of 1st period - Shot by Curtis Glencross.
16:17 of 1st period - Stopped by Jonathan Quick with a rebound.
16:19 of 1st period - Shot by Curtis Glencross.
16:19 of 1st period - Shot Misses the Net.
17:14 of 1st period - Brian Rolston is hit by Ray Whitney and loses puck.
17:19 of 1st period - Shot by Ray Whitney.
17:19 of 1st period - Stopped by Jonathan Quick without a rebound.
17:20 of 1st period - Nate Thompson wins face-off versus Antoine Vermette in Kings zone.
17:24 of 1st period - Minor Penalty to Bryan Allen for Interference.
17:25 of 1st period - Jarret Stoll wins face-off versus Joe Thornton in Kings zone.
17:48 of 1st period - Shot by Keith Yandle.
17:48 of 1st period - Shot Blocked by Antoine Vermette.
17:50 of 1st period - Shot by Keith Yandle.
17:50 of 1st period - Shot Misses the Net.
17:52 of 1st period - Shot by Keith Yandle.
17:52 of 1st period - Shot Blocked by Jack Hillen.
19:02 of 1st period - Shot by Keith Yandle.
19:02 of 1st period - Shot Blocked by Jamie McBain.
19:06 of 1st period - Shot by Joe Thornton.
19:06 of 1st period - Stopped by Jonathan Quick without a rebound.
19:07 of 1st period - Travis Zajac wins face-off versus Brian Boyle in Kings zone.
19:48 of 1st period - Shot by Nik Antropov.
19:48 of 1st period - Shot Misses the Net.

Period #2

0:01 of 2nd period - Travis Zajac wins face-off versus Matt Duchene in neutral zone.
0:17 of 2nd period - Off-side.
0:18 of 2nd period - Antoine Vermette wins face-off versus Joe Thornton in neutral zone.
0:18 of 2nd period - Bryan Allen is hit by Alexandre Burrows and loses puck.
0:54 of 2nd period - Shot by Joe Thornton.
0:54 of 2nd period - Shot Blocked by Bryan Allen.
1:12 of 2nd period - Keith Yandle is hit by Brian Rolston and loses puck.
1:28 of 2nd period - Icing by Sergei Gonchar.
1:29 of 2nd period - Travis Zajac wins face-off versus Sergei Samsonov in Kings zone.
1:29 of 2nd period - Curtis Glencross is hit by Sergei Gonchar and loses puck.
1:38 of 2nd period - Shot by Travis Zajac.
1:38 of 2nd period - Shot Misses the Net.
1:40 of 2nd period - Shot by Paul Martin.
1:40 of 2nd period - Goal by Paul Martin - Kings : 3 - RedWings : 1.
1:41 of 2nd period - Brian Boyle wins face-off versus Marty Reasoner in neutral zone.
1:41 of 2nd period - Wojtek Wolski is hit by Marty Reasoner and loses puck.
1:55 of 2nd period - Brian Boyle is hit by Pavel Kubina and loses puck.
2:10 of 2nd period - Shot by Nik Antropov.
2:10 of 2nd period - Stopped by Jonathan Quick without a rebound.
2:11 of 2nd period - Chris Thorburn wins face-off versus Travis Zajac in Kings zone.
2:18 of 2nd period - Icing by Ryan Whitney.
2:19 of 2nd period - Antoine Vermette wins face-off versus Curtis Glencross in RedWings zone.
2:20 of 2nd period - Shot by Jamie McBain.
2:20 of 2nd period - Shot Misses the Net.
2:43 of 2nd period - Minor Penalty to Sean Bergenheim for High sticking.
2:44 of 2nd period - Joe Thornton wins face-off versus Matt Duchene in Kings zone.
2:44 of 2nd period - Joe Thornton is hit by Sergei Gonchar.
2:48 of 2nd period - Shot by Alexandre Burrows.
2:48 of 2nd period - Stopped by Jonathan Quick without a rebound.
2:49 of 2nd period - Joe Thornton wins face-off versus Brian Rolston in Kings zone.
2:50 of 2nd period - Shot by Keith Yandle.
2:50 of 2nd period - Shot Misses the Net.
2:52 of 2nd period - Shot by Alexandre Burrows.
2:52 of 2nd period - Shot Hit the Post.
3:36 of 2nd period - Shot by Brian Campbell.
3:36 of 2nd period - Shot Misses the Net.
3:40 of 2nd period - Shot by Travis Zajac.
3:40 of 2nd period - Stopped by Jonathan Quick without a rebound.
3:41 of 2nd period - Jarret Stoll wins face-off versus Travis Zajac in Kings zone.
3:41 of 2nd period - Jarret Stoll is hit by Travis Zajac.
3:42 of 2nd period - Minor Penalty to Travis Zajac for Holding.
3:43 of 2nd period - Joe Thornton wins face-off versus Antoine Vermette in RedWings zone.
5:05 of 2nd period - Shot by Matt Duchene.
5:05 of 2nd period - Stopped by Roberto Luongo without a rebound.
5:06 of 2nd period - Antoine Vermette wins face-off versus Marty Reasoner in RedWings zone.
8:03 of 2nd period - Shot by Nik Antropov.
8:03 of 2nd period - Stopped by Jonathan Quick with a rebound.
8:05 of 2nd period - Shot by Nik Antropov.
8:05 of 2nd period - Shot Misses the Net.
9:41 of 2nd period - Icing by Ryan Whitney.
9:42 of 2nd period - Travis Zajac wins face-off versus Matt Duchene in RedWings zone.
9:44 of 2nd period - Minor Penalty to Sergei Samsonov for Tripping.
9:45 of 2nd period - Brian Rolston wins face-off versus Joe Thornton in Kings zone.
9:51 of 2nd period - Icing by Alexandre Burrows.
9:52 of 2nd period - Matt Duchene wins face-off versus Joe Thornton in RedWings zone.
11:12 of 2nd period - Minor Penalty to Alexandre Burrows for Hooking.
11:13 of 2nd period - Joe Thornton wins face-off versus Matt Duchene in RedWings zone.
11:22 of 2nd period - Shot by Nik Antropov.
11:22 of 2nd period - Shot Blocked by Jack Hillen.
11:24 of 2nd period - Shot by Joe Thornton.
11:24 of 2nd period - Shot Misses the Net.
11:26 of 2nd period - Shot by Joe Thornton.
11:26 of 2nd period - Stopped by Jonathan Quick without a rebound.
11:27 of 2nd period - Antoine Vermette wins face-off versus Ray Whitney in Kings zone.
11:53 of 2nd period - Icing by Joe Corvo.
11:54 of 2nd period - Marty Reasoner wins face-off versus Brian Boyle in Kings zone.
11:55 of 2nd period - Shot by Eric Brewer.
11:55 of 2nd period - Shot Misses the Net.
12:29 of 2nd period - Shot by Antoine Vermette.
12:29 of 2nd period - Shot Misses the Net.
12:51 of 2nd period - Shot by Antoine Vermette.
12:51 of 2nd period - Shot Misses the Net.
12:53 of 2nd period - Shot by Sean Bergenheim.
12:53 of 2nd period - Shot Misses the Net.
13:39 of 2nd period - Ryan Whitney is hit by Brian Boyle and loses puck.
13:57 of 2nd period - Ryan Whitney is hit by Brian Boyle.
14:22 of 2nd period - Minor Penalty to Eric Brewer for Tripping.
14:23 of 2nd period - Matt Duchene wins face-off versus Alexandre Burrows in RedWings zone.
14:40 of 2nd period - Shot by Sergei Gonchar.
14:40 of 2nd period - Stopped by Roberto Luongo without a rebound.
14:41 of 2nd period - Antoine Vermette wins face-off versus Curtis Glencross in RedWings zone.
15:06 of 2nd period - Paul Martin is hit by Jarret Stoll and loses puck.
16:40 of 2nd period - Wojtek Wolski is hit by Pavel Kubina and loses puck.
16:50 of 2nd period - Wojtek Wolski is hit by Pavel Kubina and loses puck.
16:59 of 2nd period - Shot by Jonathon Blum.
16:59 of 2nd period - Deflect By Wojtek Wolski.
16:59 of 2nd period - Stopped by Roberto Luongo without a rebound.
16:59 of 2nd period - Minor Penalty to Eric Brewer for Hooking.
16:59 of 2nd period - Minor Penalty to Brian Boyle for Hooking.
17:00 of 2nd period - Jarret Stoll wins face-off versus Curtis Glencross in RedWings zone.
17:57 of 2nd period - Shot by Brian Rolston.
17:57 of 2nd period - Shot Misses the Net.
18:01 of 2nd period - Shot by Matt Duchene.
18:01 of 2nd period - Shot Misses the Net.
18:10 of 2nd period - Icing by Paul Martin.
18:11 of 2nd period - Jarret Stoll wins face-off versus Joe Thornton in RedWings zone.
18:24 of 2nd period - Shot by Jarret Stoll.
18:24 of 2nd period - Shot Hit the Post.
18:26 of 2nd period - Shot by Jarret Stoll.
18:26 of 2nd period - Shot Misses the Net.
18:28 of 2nd period - Shot by Jarret Stoll.
18:28 of 2nd period - Deflect By Antoine Vermette.
18:28 of 2nd period - Shot Misses the Net.
18:40 of 2nd period - Shot by Antoine Vermette.
18:40 of 2nd period - Stopped by Roberto Luongo with a rebound.
18:58 of 2nd period - Shot by Travis Zajac.
18:58 of 2nd period - Stopped by Jonathan Quick without a rebound.
18:59 of 2nd period - Marty Reasoner wins face-off versus Brian Boyle in Kings zone.
19:24 of 2nd period - Icing by Brian Boyle.
19:25 of 2nd period - Nate Thompson wins face-off versus Brian Boyle in Kings zone.

Period #3

0:01 of 3rd period - Travis Zajac wins face-off versus Matt Duchene in neutral zone.
0:42 of 3rd period - Shot by Matt Duchene.
0:42 of 3rd period - Stopped by Roberto Luongo without a rebound.
0:43 of 3rd period - Antoine Vermette wins face-off versus Joe Thornton in RedWings zone.
0:56 of 3rd period - Antoine Vermette is hit by Alexandre Burrows and loses puck.
1:21 of 3rd period - Jarret Stoll is hit by Alexandre Burrows and loses puck.
3:29 of 3rd period - Shot by Michael Frolik.
3:29 of 3rd period - Shot Blocked by Paul Martin.
3:31 of 3rd period - Shot by Brian Boyle.
3:31 of 3rd period - Stopped by Roberto Luongo with a rebound.
3:33 of 3rd period - Shot by Jack Hillen.
3:33 of 3rd period - Shot Misses the Net.
3:35 of 3rd period - Shot by Michael Frolik.
3:35 of 3rd period - Shot Blocked by Paul Martin.
3:37 of 3rd period - Shot by Brian Boyle.
3:37 of 3rd period - Shot Misses the Net.
3:41 of 3rd period - Shot by Jack Hillen.
3:41 of 3rd period - Shot Blocked by Ryan Whitney.
3:43 of 3rd period - Shot by Wojtek Wolski.
3:43 of 3rd period - Stopped by Roberto Luongo with a rebound.
4:10 of 3rd period - Off-side.
4:11 of 3rd period - Nate Thompson wins face-off versus Matt Duchene in neutral zone.
4:44 of 3rd period - Sergei Gonchar is hit by Nate Thompson and loses puck.
5:06 of 3rd period - Off-side.
5:07 of 3rd period - Marty Reasoner wins face-off versus Antoine Vermette in neutral zone.
5:15 of 3rd period - Icing by Bryan Allen.
5:16 of 3rd period - Marty Reasoner wins face-off versus Antoine Vermette in Kings zone.
5:16 of 3rd period - Marty Reasoner is hit by Jamie McBain.
5:36 of 3rd period - Shot by Nik Antropov.
5:36 of 3rd period - Stopped by Jonathan Quick without a rebound.
5:37 of 3rd period - Brian Boyle wins face-off versus Joe Thornton in Kings zone.
5:37 of 3rd period - Michael Frolik is hit by Alexandre Burrows and loses puck.
5:42 of 3rd period - Shot by Joe Thornton.
5:42 of 3rd period - Deflect By Alexandre Burrows.
5:42 of 3rd period - Stopped by Jonathan Quick without a rebound.
5:43 of 3rd period - Joe Thornton wins face-off versus Brian Boyle in Kings zone.
6:04 of 3rd period - Shot by Joe Thornton.
6:04 of 3rd period - Deflect By Alexandre Burrows.
6:04 of 3rd period - Shot Misses the Net.
6:08 of 3rd period - Shot by Alexandre Burrows.
6:08 of 3rd period - Stopped by Jonathan Quick without a rebound.
6:09 of 3rd period - Chris Thorburn wins face-off versus Marty Reasoner in Kings zone.
6:22 of 3rd period - Shot by Kris Draper.
6:22 of 3rd period - Stopped by Jonathan Quick with a rebound.
6:26 of 3rd period - Shot by Nik Antropov.
6:26 of 3rd period - Shot Blocked by Evgeny Dadonov.
6:28 of 3rd period - Shot by Kris Draper.
6:28 of 3rd period - Stopped by Jonathan Quick without a rebound.
6:29 of 3rd period - Sergei Kostitsyn wins face-off versus Jarret Stoll in Kings zone.
6:32 of 3rd period - Shot by Sergei Kostitsyn.
6:32 of 3rd period - Goal by Sergei Kostitsyn - Kings : 3 - RedWings : 2.
6:33 of 3rd period - Antoine Vermette wins face-off versus Travis Zajac in neutral zone.
6:38 of 3rd period - Shot by Jarret Stoll.
6:38 of 3rd period - Stopped by Roberto Luongo without a rebound.
6:39 of 3rd period - Travis Zajac wins face-off versus Brian Boyle in RedWings zone.
6:39 of 3rd period - Travis Zajac is hit by Brian Boyle.
7:36 of 3rd period - Minor Penalty to Antoine Vermette for Tripping.
7:37 of 3rd period - Joe Thornton wins face-off versus Matt Duchene in Kings zone.
7:47 of 3rd period - Shot by Keith Yandle.
7:47 of 3rd period - Shot Blocked by Joe Corvo.
7:51 of 3rd period - Shot by Ray Whitney.
7:51 of 3rd period - Stopped by Jonathan Quick without a rebound.
7:52 of 3rd period - Alexandre Burrows wins face-off versus Jarret Stoll in Kings zone.
8:09 of 3rd period - Shot by Joe Thornton.
8:09 of 3rd period - Shot Misses the Net.
8:11 of 3rd period - Shot by Keith Yandle.
8:11 of 3rd period - Shot Misses the Net.
8:13 of 3rd period - Shot by Ryan Whitney.
8:13 of 3rd period - Stopped by Jonathan Quick without a rebound.
8:14 of 3rd period - Travis Zajac wins face-off versus Matt Duchene in Kings zone.
8:17 of 3rd period - Shot by Sergei Kostitsyn.
8:17 of 3rd period - Deflect By Travis Zajac.
8:17 of 3rd period - Stopped by Jonathan Quick without a rebound.
8:18 of 3rd period - Matt Duchene wins face-off versus Travis Zajac in Kings zone.
8:18 of 3rd period - Matt Duchene is hit by Curtis Glencross.
9:18 of 3rd period - Shot by Alexandre Burrows.
9:18 of 3rd period - Stopped by Jonathan Quick without a rebound.
9:19 of 3rd period - Joe Thornton wins face-off versus Jarret Stoll in Kings zone.
9:55 of 3rd period - Icing by Jonathon Blum.
9:56 of 3rd period - Brian Boyle wins face-off versus Nate Thompson in Kings zone.
10:23 of 3rd period - Michael Frolik is hit by Nate Thompson and loses puck.
10:46 of 3rd period - Shot by Nik Antropov.
10:46 of 3rd period - Shot Blocked by Jonathon Blum.
10:50 of 3rd period - Shot by Marty Reasoner.
10:50 of 3rd period - Goal by Marty Reasoner - Kings : 3 - RedWings : 3.
10:51 of 3rd period - Travis Zajac wins face-off versus Antoine Vermette in neutral zone.
11:26 of 3rd period - Shot by Travis Zajac.
11:26 of 3rd period - Shot Misses the Net.
11:28 of 3rd period - Shot by Curtis Glencross.
11:28 of 3rd period - Stopped by Jonathan Quick without a rebound.
11:29 of 3rd period - Marty Reasoner wins face-off versus Matt Duchene in Kings zone.
11:48 of 3rd period - Shot by Brian Rolston.
11:48 of 3rd period - Shot Misses the Net.
11:52 of 3rd period - Shot by Joe Corvo.
11:52 of 3rd period - Stopped by Roberto Luongo without a rebound.
11:53 of 3rd period - Chris Thorburn wins face-off versus Joe Thornton in RedWings zone.
13:15 of 3rd period - Shot by Antoine Vermette.
13:15 of 3rd period - Stopped by Roberto Luongo without a rebound.
13:16 of 3rd period - Marty Reasoner wins face-off versus Brian Boyle in RedWings zone.
13:16 of 3rd period - Marty Reasoner is hit by Brian Boyle.
13:19 of 3rd period - Eric Brewer is hit by Brian Boyle and loses puck.
14:22 of 3rd period - Nate Thompson is hit by Jarret Stoll and loses puck.
14:29 of 3rd period - Shot by Jarret Stoll.
14:29 of 3rd period - Stopped by Roberto Luongo without a rebound.
14:30 of 3rd period - Travis Zajac wins face-off versus Matt Duchene in RedWings zone.
14:30 of 3rd period - Travis Zajac is hit by Matt Duchene.
14:42 of 3rd period - Shot by Curtis Glencross.
14:42 of 3rd period - Deflect By Travis Zajac.
14:42 of 3rd period - Shot Blocked by Jarret Stoll.
14:48 of 3rd period - Shot by Curtis Glencross.
14:48 of 3rd period - Shot Misses the Net.
15:37 of 3rd period - Ryan Whitney is hit by Bryan Allen and loses puck.
17:09 of 3rd period - Shot by Nik Antropov.
17:09 of 3rd period - Stopped by Jonathan Quick with a rebound.
17:12 of 3rd period - Icing by Jarret Stoll.
17:13 of 3rd period - Antoine Vermette wins face-off versus Joe Thornton in Kings zone.
18:14 of 3rd period - Curtis Glencross is hit by Sean Bergenheim and loses puck.
18:40 of 3rd period - Shot by Matt Duchene.
18:40 of 3rd period - Shot Blocked by Paul Martin.
18:42 of 3rd period - Shot by Joe Corvo.
18:42 of 3rd period - Shot Misses the Net.
19:16 of 3rd period - Shot by Ray Whitney.
19:16 of 3rd period - Shot Misses the Net.
19:18 of 3rd period - Shot by Joe Thornton.
19:18 of 3rd period - Goal by Joe Thornton - Kings : 3 - RedWings : 4.
19:19 of 3rd period - Alexandre Burrows wins face-off versus Brian Rolston in neutral zone.
19:38 of 3rd period - Kings, Jonathan Quick is pulled from the net.


Output by the SimonT Hockey Simulator (STHS) for Stephane Roy -- Original Page W3C XHTML 1.0 Valid